 Dungeon Crawl Stone Soup version 0.22-a0-367-gb72a975 (webtiles) character file.

32 khargal the Skirmisher (level 3, -1/33 HPs)
             Began as a Draconian Monk on Apr 22, 2018.
             Succumbed to a goblin's poison
             ... on level 2 of the Dungeon.
             The game lasted 00:01:28 (772 turns).

khargal the Skirmisher (Draconian Monk)              Turns: 772, Time: 00:01:29

Health: -1/33      AC:  5    Str: 13    XL:     3   Next: 10%
Magic:  3/3        EV: 13    Int: 10    God:
Gold:   130        SH:  0    Dex: 14    Spells: 2/2 levels left

rFire    . . .     SeeInvis .   c - +0 whip
rCold    . . .     Gourm    .   (no shield)
rNeg     . . .     Faith    .   (armour unavailable)
rPois    .         Spirit   .   (helmet restricted)
rElec    .         Reflect  .   (no cloak)
rCorr    +         Harm     .   (no gloves)
MR       .....                  (no boots)
Stlth    ++........             (no amulet)
HPRegen  0.11/turn              d - ring of resist corrosion
MPRegen  0.08/turn              (no ring)

@: lethally poisoned (-1 -> -19), flying
A: unfitting armour, cold-blooded, AC +5
a: no special abilities


You were on level 2 of the Dungeon.
You were not hungry.

You visited 1 branch of the dungeon, and saw 2 of its levels.

You collected 130 gold pieces.

Inventory:

Hand Weapons
 a - a +0 mace
 c - a +0 whip (weapon)
 h - a +0 dagger of venom
Jewellery
 d - a ring of resist corrosion (left hand)
Scrolls
 f - a scroll of remove curse
Comestibles
 b - 4 rations
 g - 2 chunks of flesh


   Skills:
 + Level 3.7 Fighting
 + Level 3.5 Maces & Flails
 + Level 3.0 Dodging
 + Level 2.0 Stealth


You had 2 spell levels left.
You didn't know any spells.

Dungeon Overview and Level Annotations

Branches:
Dungeon (2/15)

Altars:
Kikubaaqudgha


Innate Abilities, Weirdness & Mutations

Your plain brown scales are hard. (AC +5)
You cannot fit into any form of body armour.
You are cold-blooded and may be slowed by cold attacks.


Message History

You feel very sick.
You see here a dagger of venom.
There isn't anything to butcher here.
There is a lethal amount of poison in your body!
h - a dagger of venom You feel sick.
* * * LOW HITPOINT WARNING * * *
You feel very sick.
* * * LOW HITPOINT WARNING * * *
You feel sick.
* * * LOW HITPOINT WARNING * * *
You feel sick.
* * * LOW HITPOINT WARNING * * *
You feel sick.
* * * LOW HITPOINT WARNING * * *
You feel sick.
It was a potion of flight.
You feel very buoyant.
You fly up into the air.
You die...

##.####### ........## #.........
#.......# ### #.# #.(# #..#
.....#.# #..# #..# .....#.# #..#
#..# #P....# ##..######..#
#.#...... #.....$...@.#
#....P... #...######.#####.
#....#...
#.................#._..##..
######..###............#....#P..
#......................#........
######.####.##.#####.#.#.#...P.P
#.# #.............###....P# #†#
#..##..............##.# #.#
#..##.................#


There were no monsters in sight!

Vanquished Creatures
  2 leopard geckos (D:1)
  A ball python (D:1)
  A bat (D:1)
  3 goblins
  5 hobgoblins (D:1)
  6 kobolds
  3 frilled lizards
  7 rats (D:1)
28 creatures vanquished.

Notes
Turn   | Place    | Note
-------+----------+-------------------------------------------
     0 | D:1      | khargal the Draconian Monk began the quest for the Orb.
     0 | D:1      | Reached XP level 1. HP: 19/19 MP: 1/1
   134 | D:1      | Reached XP level 2. HP: 24/26 MP: 2/2
   589 | D:2      | Found an ancient bone altar of Kikubaaqudgha.
   646 | D:2      | Reached XP level 3. HP: 33/33 MP: 3/3
   771 | D:2      | HP: 1/33 [poisoned by a goblin]
   772 | D:2      | Succumbed to a goblin's poison

Vault maps used:
D:1:      minmay_arrival_glassed_features, minmay_split_cup_large
D:2:      cheibrodos_fertilizer, ashenzari_conservatory_becter,
          old_standard_altar, kiku_gazebo_garden_becter, fedhas_altar_4

Skill      XL: |  1  2  3 |
---------------+----------+-----
Dodging        | 3 |  3.0
Stealth        | 2 |  2.0
Fighting       | |  3.7
Maces & Flails | |  3.5

Action                   || total
-------------------------++-------
Melee: Whip              ||    72
       Mace              ||    10
       Tailslap          ||    11
  Use: Scroll            ||     3
       Potion            ||     1
 Stab: Distracted        ||     1
Armor: Skin              ||    19
Dodge: Dodged            ||    56

Table legend:
 A = Spawn XP
 B = Non-spawn XP
 C = Spawn XP percentage of total XP
 D = Spawn monster count
 E = Non-spawn monster count
 F = Spawn count percentage of total count
 G = Total turns spent on level
                    A         B        C        D         E        F      G
               +---------+---------+-------+---------+---------+-------+---------
         Total |       0 |      47 |   0.0 |       0 |      28 |   0.0 |   772
               +---------+---------+-------+---------+---------+-------+---------
           D:1 |       0 |      38 |   0.0 |       0 |      23 |   0.0 |   582
           D:2 |       0 |       9 |   0.0 |       0 |       5 |   0.0 |   190
               +---------+---------+-------+---------+---------+-------+---------
